Unix NetHack Version 5.0.0-0 post-release - last build Jul 19 2026 19:10:59 (3aa4ab31751d3886436d94b585a96704892fd477,branch:main).

Game began 2026-07-28 15:54:13, ended 2026-07-28 16:16:52.

ChoHag, chaotic male orcish Ranger

                                                            ...
                                                           .......
                                                       -----.......
                                                       ..<.`.....@d
                                                       ---..--.....
                                                         |.--
                                                         |.|

ChoHag the Tenderfoot        St:14 Dx:9 Co:15 In:14 Wi:14 Ch:9  Chaotic S:425
Dlvl:3  $:159 HP:0(14) Pw:2(2) AC:7  Xp:1/14 T:1748 

Latest messages:
 Your movements are now unencumbered.
 Where do you want to travel to?
 (For instructions type a '?')
 You descend the stairs.
 You hear rumbling nearby.
 You swap places with Bobik.
 Bobik bites it.
 You hear some noises.
 What do you want to write with? [- a-dik-mpyzADEGHKM or ?*] -
 You write in the dust with your fingertip.
 What do you want to write in the dust here? Elbereth
 The gnome throws a dagger!
 The gnome is hit.
 There is a branch staircase up to the Dungeons of Doom here.
 Something is written here in the dust.
 You read: "Elbere-h".
 What do you want to write with? [- a-dik-mpyzADEGHKM or ?*] -
 Do you want to add to the current engraving? [ynq] (y) n
 You wipe out the message that was written in the dust here.
 You write in the dust with your fingertip.
 What do you want to write in the dust here? Elbereth
 The gnome turns to flee.
 You hear rumbling in the distance.
 You hear some noises.
 You see here a black gem.
 Q - a black gem.
 You see here a white gem.
 R - a white gem.
 In what direction? h
 You kick a hooded cloak.
 In what direction? h
 You kick a pair of hard shoes.
 In what direction? h
 You kick a dagger.
 The dagger misses.
 In what direction? h
 You kick a black gem.
 The black gem misses.
 The gnome wields a thonged club!
 The gnome secures the tether on the thonged club.
 Bobik drops a dagger.
 You see here a dagger.
 S - a dagger.
 You hear rumbling in the distance.
 In what direction? h
 You kick a dagger.
 Click!  Bobik triggers something.
 The boulder hits Bobik.
 You are hit by a boulder!
 You die...

Inventory:
 Coins    ('$')
  $ - 159 gold pieces
 Weapons  (')')
  a - a blessed +1 orcish dagger (weapon in right hand)
  b - a +1 orcish bow (alternate weapon; not wielded)
  c - 52 +2 orcish arrows (in quiver)
  d - 39 +0 orcish arrows
  k - 9 cursed +0 shuriken
  l - 5 +0 darts
  m - 19 +0 silver arrows
  G - 27 cursed +0 darts
  H - a poisoned +0 dart
  M - a +0 orcish dagger
  S - a +1 dagger
 Armor    ('[')
  e - an uncursed +2 cloak of displacement (being worn)
  s - an uncursed +0 orcish helm
  N - an uncursed +0 orcish helm
 Comestibles  ('%')
  f - 6 uncursed tripe rations
  g - 3 uncursed fortune cookies
  h - 3 uncursed food rations
  F - an uncursed cheese
  J - an uncursed cram ration
 Scrolls  ('?')
  v - a blessed scroll of remove curse
  w - a cursed scroll of gold detection
  B - an uncursed scroll of fire
  I - an uncursed scroll of enchant armor
  L - an uncursed scroll of identify
 Potions  ('!')
  j - 2 uncursed potions of healing
  n - an uncursed potion of restore ability
  o - an uncursed potion of object detection
  q - an uncursed potion of monster detection
  x - an uncursed potion of sleeping
 Wands    ('/')
  p - a wand of speed monster (0:2)
  D - a wand of digging (0:3)
  K - a blessed wand of digging (0:8)
 Tools    ('(')
  i - an uncursed towel
  u - an uncursed leash
 Gems/Stones  ('*')
  y - an uncursed obsidian stone
  z - an uncursed worthless piece of yellow glass
  A - an uncursed touchstone
  E - an uncursed chrysoberyl stone
  Q - an uncursed worthless piece of black glass
  R - a cursed opal

ChoHag the Ranger's attributes:

Background:
 You were a Tenderfoot, a level 1 male orcish Ranger.
 You were chaotic, on a mission for Mars
 who was opposed by Mercury (lawful) and Venus (neutral).
 You were right-handed.
 You were in the Gnomish Mines, on level 3.
 You entered the dungeon 1748 turns ago.
 You had 14 experience points, 6 more were needed to attain level 2.
 Your score was 425 before end-of-game adjustments.

Basics:
 You had 0 out of 14 hit points.
 You had both energy points (spell power).
 Your armor class was 7.
 Your wallet contained 159 zorkmids.
 Autopickup was on for '$!/?"+=' plus thrown.

Final Characteristics:
 Your strength was 14 (limit:18/50).
 Your dexterity was 9 (limit:18).
 Your constitution was 15 (limit:18).
 Your intelligence was 14 (limit:16).
 Your wisdom was 14 (limit:16).
 Your charisma was 9 (limit:16).

Final Status:
 You weren't hungry.
 You were unencumbered.
 You were wielding a dagger.
 You had basic skill with dagger.

Final Attributes:
 You were devoutly aligned.
 You were poison resistant.
 You had automatic searching.
 You had infravision.
 You were displaced.
 You were warded.
 You were unlucky.
 You are dead.

Miscellaneous:
 You didn't encounter any bones levels.
 Total elapsed playing time was 22 minutes and 25 seconds.

Major events:
 Turn
    1: ChoHag the chaotic male orcish Ranger entered the dungeon
  592: entered the Gnomish Mines
 1748: killed by a boulder

You didn't know any spells.

Skills:
 Fighting Skills
   bare handed combat [Unskilled]
   riding             [Unskilled]
 Weapon Skills
   dagger             [Basic]
   knife              [Unskilled]
   axe                [Unskilled]
   pick-axe           [Unskilled]
   short sword        [Unskilled]
   morning star       [Unskilled]
   flail              [Unskilled]
   hammer             [Unskilled]
   quarterstaff       [Unskilled]
   polearms           [Unskilled]
   spear              [Unskilled]
   trident            [Unskilled]
   bow                [Basic]
   sling              [Unskilled]
   crossbow           [Unskilled]
   dart               [Unskilled]
   shuriken           [Unskilled]
   boomerang          [Unskilled]
   whip               [Unskilled]
 Spellcasting Skills
   healing spells     [Unskilled]
   divination spells  [Unskilled]
   escape spells      [Unskilled]

Voluntary challenges:
 Character rerolling was not enabled.
 You never genocided any monsters.
 You never polymorphed an object.
 You never changed form.
 You used no wishes.
Achievement:
 You entered the Gnomish Mines.

 The Dungeons of Doom: levels 1 to 5
    Level 1:
       A fountain, a sink.
    Level 2:
       An altar, a fountain.
       Stairs down to The Gnomish Mines.
    Level 3:
       An altar, a fountain.
    Level 4:
       An altar to Mars, some fountains.
    Level 5:
 The Gnomish Mines:
    Level 3: <- You were here.
       Final resting place for
          you, killed by a boulder.


Vanquished creatures:
  a dwarf
 an acid blob
  2 giant rats
  5 gnomes
  a gecko
  9 jackals
  3 kobolds
  2 goblins
 10 grid bugs
  2 lichens
  a kobold zombie
  9 newts
46 creatures vanquished.

No species were genocided or became extinct.

Game over:
                       ----------
                      /          \
                     /    REST    \
                    /      IN      \
                   /     PEACE      \
                  /                  \
                  |      ChoHag      |
                  |      159 Au      |
                  |   killed by a    |
                  |     boulder      |
                  |                  |
                  |                  |
                  |       2026       |
                 *|     *  *  *      | *
        _________)/\\_//(\/(/\)/\//\/|_)_______

Goodbye ChoHag the Ranger...

You died in The Gnomish Mines on dungeon level 3 with 410 points,
and 159 pieces of gold, after 1748 moves.
You were level 1 with a maximum of 14 hit points when you died.

